 Dungeon Crawl Stone Soup version 0.31-a0-265-gcf7e37af1d (webtiles) character file.

Game seed: 13886281922252208551

144 qw the Shooter (level 5, -1/45 HPs)
             Began as a Minotaur Hexslinger on July 13, 2023.
             Slain by a kobold
             ... wielding a +0 short sword
              (3 damage)
             ... on level 3 of the Dungeon.
             The game lasted 00:01:01 (2065 turns).

qw the Shooter (Minotaur Hexslinger)                Turns: 2065, Time: 00:01:01

Health: -1/45      AC:  3    Str: 18    XL:     5   Next: 5%
Magic:  5/5        EV: 12    Int: 10    God:
Gold:   215        SH:  0    Dex: 15    Spells: 5/6 levels left

rFire   . . .        Y - +1 sling
rCold   . . .        (no shield)
rNeg    . . .        g - +0 leather armour
rPois   .            (helmet restricted)
rElec   .            (no cloak)
rCorr   .            (no gloves)
SInv    +            (no boots)
Will    .....        (no amulet)
Stlth   +            e - ring of see invisible
HPRegen 0.27/turn    c - +6 ring of strength
MPRegen 0.09/turn

%: no passive effects
@: no status effects
A: horns 2, retaliatory headbutt
a: no special abilities


You were on level 3 of the Dungeon.
You visited 1 branch of the dungeon, and saw 3 of its levels.

You collected 215 gold pieces.


Innate Abilities, Weirdness & Mutations

You have a pair of horns on your head.
You reflexively headbutt those who attack you in melee.


   Skills:
 - Level 3.3 Fighting
 + Level 5.0 Ranged Weapons
 - Level 2.1 Dodging
 - Level 1.0 Spellcasting
 - Level 2.0 Hexes


You had 5 spell levels left.
You knew the following spells:

 Your Spells              Type           Power      Damage    Failure   Level
a - Slow                  Hex            16%        N/A       19%         1

Your spell library contained the following spells:

 Spells                   Type           Power      Damage    Failure   Level
 Inner Flame              Hex/Fire       2%         N/A       63%         3
 Portal Projectile        Hex/Tloc       4%         N/A       63%         3
 Cause Fear               Hex            2%         N/A       87%         4

Inventory:

Hand Weapons
 Y - a +1 sling (weapon)
Armour
 g - a +0 leather armour (worn)
Jewellery
 c - a +6 ring of strength (right hand)
 e - a ring of see invisible (left hand)
Scrolls
 a - 3 scrolls of identify
 b - a scroll of noise {unknown}
 d - a scroll of brand weapon {unknown}
 f - a scroll of revelation {unknown}

Dungeon Overview and Level Annotations

Branches:
Dungeon (3/15)

Altars:
Wu Jian


Message History

The orc priest closely misses you.
You shoot a sling bullet. The sling bullet hits the orc priest.
The orc priest is severely wounded.
The orc hits you with a +0 club.
The orc hits the plant with a +0 falchion.
The plant begins to die.
The orc priest hits you with a +0 dagger.
The orc hits you with a +0 whip.
You shoot a sling bullet.
The sling bullet barely misses the orc priest.
The sling bullet barely misses the kobold.
The orc hits you with a +0 club.
The orc hits the plant with a +0 falchion.
The orc priest invokes the aid of Beogh against you.
Beogh smites you! The orc hits you with a +0 whip.
You shoot a sling bullet. The sling bullet hits the orc priest.
The orc priest is almost dead.
A nearby plant withers and dies.
The orc completely misses you.
The orc hits the plant with a +0 falchion!
The orc priest mumbles some strange prayers to Beogh against you.
You barely resist. The orc hits you but does no damage.
You shoot a sling bullet.
The sling bullet barely misses the orc priest.
The sling bullet hits the kobold.
The kobold is moderately wounded.
The orc hits you with a +0 club.
The orc hits the plant with a +0 falchion.
The orc priest casts a cantrip, but nothing happens.
The orc barely misses you.
You shoot a sling bullet. The sling bullet hits the orc priest.
You kill the orc priest!
The orc hits you with a +0 club. The orc hits you with a +0 whip.
Your Fighting skill increases to level 3!
You have reached level 5!
You shoot a sling bullet.
The sling bullet closely misses the kobold.
The sling bullet closely misses the orc.
A nearby plant withers and dies.
The kobold hits you with a +0 short sword.
You die...

#...._.7..PP....#.......)...
#......7..PP..#.##....######
#.#.7777..PP..#........#
#.#.......PP..#######..# #
#.......PP...........#
.PPPPPPP..#####.#..#
.PPPP..P..#####.#..#
......oo..##....#..#
.....oK@...........#
.###########.#####.#
........# .# #######.# ..
#.# ###


You could see 3 orcs and a kobold.

Vanquished Creatures
  An orc priest (D:3)
  2 adders (D:3)
  2 worms (D:2)
  2 dart slugs
  4 orcs (D:3)
  8 endoplasms
  3 giant cockroaches
  7 goblins
  9 hobgoblins
  5 jackals (D:1)
  4 quokkas
  9 ball pythons
  5 bats
  3 frilled lizards
  7 kobolds
  6 rats
77 creatures vanquished.

Notes
Turn   | Place    | Note
-------+----------+-------------------------------------------
     0 | D:1      | qw the Minotaur Hexslinger began the quest for the Orb.
     0 | D:1      | Reached XP level 1. HP: 16/16 MP: 1/1
     0 | D:1      | 0 ||| qw: Version: 0.3-a-52-g30416fa
     0 | D:1      | 0 ||| qw: Game counter: 7619
     0 | D:1      | 0 ||| qw: Melee chars always use a shield: true
     0 | D:1      | 0 ||| qw: God list: Okawaru
     0 | D:1      | 0 ||| qw: Allow faded altars: false
     0 | D:1      | 0 ||| qw: Do Orc after clearing Dungeon:15 true
     0 | D:1      | 0 ||| qw: Do second Lair branch before Depths: true
     0 | D:1      | 0 ||| qw: Lair rune preference: random
     0 | D:1      | 0 ||| qw: Goals: Normal
     0 | D:1      | 0 ||| PLANNING D:1-11
    59 | D:1      | Reached skill level 3 in Ranged Weapons
    61 | D:1      | Reached XP level 2. HP: 23/23 MP: 2/2
    69 | D:1      | 69 ||| Stepping ~*~*~tactically~*~*~ (outnumbered).
   201 | D:1      | Reached XP level 3. HP: 15/29 MP: 3/3
   794 | D:1      | 794 ||| UPGRADING to +0 leather armour.
   804 | D:1      | 804 ||| DROPPING +0 robe.
   805 | D:1      | 805 ||| UPGRADING to ring of see invisible.
   806 | D:1      | 806 ||| READING 3 scrolls labelled XANENE JASADUDI.
   807 | D:1      | 807 ||| READING 2 scrolls of identify.
   807 | D:1      | 807 ||| IDENTIFYING lumpy emerald potion
   808 | D:1      | 808 ||| DROPPING scroll of poison.
   809 | D:1      | 809 ||| DROPPING potion of lignification.
   851 | D:2      | Reached skill level 4 in Ranged Weapons
   948 | D:2      | Found a faded altar of an unknown god.
   962 | D:2      | Identified the +5 short sword of Aphirr {heavy, Dex+2}
  1273 | D:2      | Reached XP level 4. HP: 36/36 MP: 4/4
  1576 | D:2      | 1576 ||| UPGRADING to +6 ring of strength.
  1577 | D:2      | 1577 ||| READING scroll labelled GUUM ER YLOE.
  1580 | D:2      | 1580 ||| READING scroll labelled XOBA UGAPIHE.
  1581 | D:2      | 1581 ||| READING scroll labelled FAR OCO VIEX.
  1582 | D:2      | 1582 ||| READING 3 scrolls of identify.
  1582 | D:2      | 1582 ||| IDENTIFYING emerald potion
  1583 | D:2      | 1583 ||| DROPPING potion of attraction.
  1595 | D:3      | 1595 ||| STAIRDANCE
  1734 | D:3      | Reached skill level 5 in Ranged Weapons
  1991 | D:3      | Found an ornate altar of the Wu Jian Council.
  2063 | D:3      | HP: 8/37 [orc/+0 club (5)]
  2064 | D:3      | HP: 2/37 [orc/+0 whip (4)]
  2065 | D:3      | Reached skill level 3 in Fighting
  2065 | D:3      | Reached XP level 5. HP: 2/45 MP: 5/5
  2065 | D:3      | Slain by a kobold

Levels and vault maps discovered:
D:1:      dpeg_arrival_houses_and_road, layout_basic
D:2:      layout_basic, chequers_ecumenical_altar_simple, eino_curves_02
D:3:      layout_basic, mainiacjoe_overflow_chevrons, minmay_rat_hole

Skill      XL: |  1  2  3  4 |
---------------+-------------+-----
Ranged Weapons | 3 4 5 |  5.0
Fighting       | 2 3 |  3.3
Dodging        | |  2.1
Spellcasting   | |  1.0
Hexes          | |  2.0

Action                     |  1- 3 |  4- 6 || total
---------------------------+-------+-------++-------
   Fire: Sling             |   170 |    81 ||   251
    Use: Scroll            |     2 |     4 ||     6
 Armour: Robe              |    15 |       ||    15
         Leather armour    |    11 |     5 ||    16
  Dodge: Dodged            |    60 |    12 ||    72

Table legend:
 A = Non-vault XP
 B = Vault XP
 C = Vault XP percentage of total XP
 D = Non-vault monster count
 E = Vault monster count
 F = Vault count percentage of total count
                 A         B        C        D         E       F
            +---------+---------+-------+---------+---------+-------
      Total |     207 |       0 |   0.0 |      77 |       0 |   0.0
            +---------+---------+-------+---------+---------+-------
        D:1 |      57 |       0 |   0.0 |      30 |       0 |   0.0
        D:2 |      51 |       0 |   0.0 |      28 |       0 |   0.0
        D:3 |      99 |       0 |   0.0 |      19 |       0 |   0.0
            +---------+---------+-------+---------+---------+-------
